 Dungeon Crawl Stone Soup version 0.29.1-12-g30fa7ad0bf (webtiles) character file.

Game seed: 10678533079523857290

59 Descartes the Shield-Bearer (level 4, -4/35 HPs)
             Began as a Formicid Fighter on Jan 6, 2023.
             Slain by an iguana (7 damage)
             ... on level 2 of the Dungeon.
             The game lasted 00:02:55 (2169 turns).

Descartes the Shield-Bearer (Formicid Fighter)      Turns: 2169, Time: 00:02:56

Health: -4/35      AC: 10    Str: 20    XL:     4   Next: 22%
Magic:  4/4        EV:  7    Int: 10    God:
Gold:   120        SH:  5    Dex: 13    Spells: 3/3 levels left

rFire   . . .      SeeInvis +   a - +0 war axe
rCold   . . .      Faith    .   c - +0 buckler
rNeg    . . .      Spirit   .   e - +0 chain mail
rPois   .          Reflect  .   (helmet unavailable)
rElec   .          Harm     .   p - +0 cloak
rCorr   .          Rampage  .   (no gloves)
Will    .....                   (no boots)
Stlth   ..........              (no amulet)
HPRegen 0.11/turn               (no ring)
MPRegen 0.09/turn               (no ring)

@: no status effects
A: permanent stasis, dig shafts and tunnels, antennae 3, four strong arms
a: Dig, Shaft Self


You were on level 2 of the Dungeon.
You visited 1 branch of the dungeon, and saw 3 of its levels.

You collected 120 gold pieces.

Inventory:

Hand Weapons
 a - a +0 war axe (weapon)
Missiles
 r - 3 poisoned darts
Armour
 c - a +0 buckler (worn)
 e - a +0 chain mail (worn)
 p - a +0 cloak (worn)
Scrolls
 b - a scroll of vulnerability {unknown}
 h - 2 scrolls of immolation {unknown}
 i - a scroll of magic mapping {unknown}
 j - a scroll of enchant armour {unknown}
 q - 2 scrolls of identify {unknown}
 s - a scroll of enchant weapon {unknown}
 t - a scroll of teleportation {unknown}
 w - a scroll of torment {unknown}
Potions
 d - a potion of might
 f - a potion of mutation {unknown}
 g - 2 potions of invisibility {unknown}
 k - a potion of heal wounds {unknown}
 l - 2 potions of berserk rage {unknown}
 m - a potion of curing {unknown}
 n - a potion of ambrosia {unknown}
 o - a potion of attraction {unknown}
 u - a potion of brilliance {unknown}
 v - a potion of degeneration {unknown}


   Skills:
 - Level 3.3 Fighting
 + Level 2.4 Axes
 + Level 3.6 Armour
 * Level 4.9 Shields
 + Level 1.1 Translocations
 + Level 1.1 Evocations


You had 3 spell levels left.
You didn't know any spells.
Your spell library contained the following spells:

 Spells                   Type           Power      Damage    Failure   Level
 Necrotise                Necr           0%         1d4       99%         1
 Vampiric Draining        Necr           0%         2d6       100%        3
 Agony                    Necr           0%         N/A       100%        5


Dungeon Overview and Level Annotations

Branches:
Dungeon (3/15)

Altars:
Makhleb


Innate Abilities, Weirdness & Mutations

You cannot be hasted, slowed, berserked, paralysed or teleported.
You can dig through walls and to a lower floor.
You have a pair of large antennae on your head. (SInv)
Your four strong arms can wield two-handed weapons with a shield.


Message History

The rat is severely wounded.
You barely miss the iguana. The rat barely misses you. The iguana bites you!
* * * LOW HITPOINT WARNING * * *
The iguana bites you but does no damage.
The rat barely misses you.
Unknown command.
You are too injured to fight recklessly!
Unknown command.
The rat attacks as you move away! You block the rat's attack.
The iguana attacks as you move away! You block the iguana's attack.
The iguana attacks as you move away!
The iguana bites you but does no damage.
There is a stone staircase leading up here.
The iguana closely misses you.
You climb upwards.
There is a stone staircase leading down here.
An iguana is nearby!
You slash the iguana!
The iguana is severely wounded.
The iguana bites you.
* * * LOW HITPOINT WARNING * * *
You hit the iguana.
The iguana is almost dead.
The iguana bites you.
* * * LOW HITPOINT WARNING * * *
The iguana hisses menacingly.
You block the iguana's attack.
You barely miss the iguana.
The iguana is almost dead.
The iguana bites you.
* * * LOW HITPOINT WARNING * * *
You hit the iguana but do no damage.
The iguana is almost dead.
The iguana barely misses you.
The iguana bites you but does no damage.
You barely miss the iguana.
The iguana is almost dead.
The iguana hisses menacingly.
The iguana bites you!
You die...

#.#####.##............
#...............######
#####.............#
#.#.##.##.###.# ##
#.#.##.######.###.
#.#.##.# #.......
#.#.##.####.#.....
#.#.##............
#@#.....###.#.....
#l#####.###.#....# #.#
##...##.#.#.##
#.###.....#.#.#.#
#.##.......#..#.#
#..........##.#.#
####.....<.#.##.#
##.......###.#
##....### #.##


You could see an iguana.

Vanquished Creatures
  An adder (D:2)
  A worm (D:2)
  A dart slug (D:1)
  2 bats
  3 endoplasms (D:1)
  3 giant cockroaches (D:1)
  5 goblins
  6 hobgoblins
  A quokka (D:1)
  6 ball pythons
  3 frilled lizards
  5 kobolds
  6 rats
43 creatures vanquished.

Notes
Turn   | Place    | Note
-------+----------+-------------------------------------------
     0 | D:1      | Descartes the Formicid Fighter began the quest for the Orb.
     0 | D:1      | Reached XP level 1. HP: 18/18 MP: 1/1
   198 | D:1      | Reached XP level 2. HP: 15/22 MP: 2/2
   545 | D:1      | Found a faded altar of an unknown god.
   620 | D:1      | Reached XP level 3. HP: 29/29 MP: 3/3
  1343 | D:2      | Found a burning altar of Makhleb.
  1639 | D:2      | Reached skill level 1 in Translocations
  1639 | D:2      | Reached skill level 1 in Evocations
  1639 | D:2      | Reached XP level 4. HP: 34/35 MP: 4/4
  2169 | D:2      | Slain by an iguana

Illustrated notes

Levels and vault maps discovered:
D:1:      lightli_arrival_farm, layout_basic, nicolae_ecumenical_snake_handling
D:2:      layout_loops_ring, basic_altar
D:3:      layout_basic, xom_teletrap_fun, kennysheep_orc_sif_temple

Skill      XL: |  1  2  3 |
---------------+----------+-----
Translocations | 1 |  1.1
Evocations     | 1 |  1.1
Fighting       | |  3.3
Axes           | |  2.4
Armour         | |  3.6
Shields        | |  4.9

Action                   |  1- 3 |  4- 6 || total
-------------------------+-------+-------++-------
Melee: War axe           |    85 |    29 ||   114
Armor: Scale mail        |     7 |       ||     7
       Chain mail        |    38 |    21 ||    59
Dodge: Dodged            |    32 |    25 ||    57
Block: Buckler           |    18 |     7 ||    25
